 Dungeon Crawl Stone Soup version 0.28-a0-823-gb444dcf96d (webtiles) character file.

Game seed: 13494855077005536019

3141 bande the Cleaver (level 9, -4/55 HPs)
             Began as a Gargoyle Fighter on Nov 9, 2021.
             Was a Priest of Okawaru.
             Slain by Erica (9 damage)
             ... on level 8 of the Dungeon.
             The game lasted 00:13:08 (9397 turns).

bande the Cleaver (Gargoyle Fighter)                Turns: 9397, Time: 00:13:08

Health: -4/55      AC: 21    Str: 21    XL:     9   Next: 93%
Magic:  12/12      EV: 10    Int:  9    God:    Okawaru [***...]
Gold:   483        SH:  5    Dex: 15    Spells: 8/8 levels left

rFire   . . .      SeeInvis .   p - +1 war axe (flame)
rCold   . . .      Faith    .   c - +0 buckler
rNeg    + . .      Spirit   .   u - +0 plate armour of Understanding {rCorr Dex+4}
rPois   ∞          Reflect  .   (no helmet)
rElec   +          Harm     .   (no cloak)
rCorr   +          Rampage  .   w - +0 pair of gloves
Will    +....                   r - +0 pair of boots
Stlth   ..........              (no amulet)
HPRegen 0.18/turn               k - +4 ring of evasion
MPRegen 0.13/turn               t - ring of willpower

@: no status effects
A: sickness immunity, AC +6, negative energy resistance 1, electricity
resistance, torment resistance 1, petrification resistance
a: Renounce Religion, Heroism


You were on level 8 of the Dungeon.
You worshipped Okawaru.
Okawaru was most pleased with you.
You visited 2 branches of the dungeon, and saw 9 of its levels.

You collected 483 gold pieces.

Inventory:

Hand Weapons
 a - a +0 war axe
 p - a +1 war axe of flaming (weapon)
Armour
 c - a +0 buckler (worn)
 h - a +1 plate armour
 o - a +1 scale mail of cold resistance
 r - a +0 pair of boots (worn)
 u - the +0 plate armour of Understanding (worn) {rCorr Dex+4}
   (You took it off an orc on level 6 of the Dungeon)

   Dex:       It affects your dexterity (+4).
   rCorr:     It protects you from acid and corrosion.
 w - a +0 pair of gloves (worn)
 x - a +2 chain mail of fire resistance
Jewellery
 k - a +4 ring of evasion (left hand)
 m - a ring of flight
 s - an amulet of the acrobat
 t - a ring of willpower (right hand)
Wands
 n - a wand of flame (7)
 q - a wand of digging (9)
Scrolls
 i - 3 scrolls of blinking
 j - 3 scrolls of teleportation
Potions
 b - a potion of berserk rage
 d - a potion of might
 e - 2 potions of curing
 f - 3 potions of haste
 g - a potion of magic
 l - 4 potions of flight
 v - a potion of heal wounds


   Skills:
 + Level 6.2 Fighting
 + Level 8.1 Axes
 + Level 6.5 Armour
 - Level 0.3 Stealth
 + Level 5.6 Shields
 * Level 4.7 Invocations
 * Level 4.0 Evocations


You had 8 spell levels left.
You didn't know any spells.
Your spell library contained the following spells:

 Spells                   Type           Power      Damage    Failure   Level
 Beastly Appendage        Tmut           0%         N/A       100%        1
 Magic Dart               Conj           0%         1d3       100%        1
 Pain                     Necr           0%         1d4       100%        1
 Blink                    Tloc           0%         N/A       100%        2
 Ensorcelled Hibernation  Hex/Ice        0%         N/A       100%        2
 Searing Ray              Conj           0%         2d4       100%        2
 Wereblood                Tmut           0%         N/A       100%        2
 Frozen Ramparts          Ice            0%         1d2       100%        3
 Spider Form              Tmut/Pois      0%         N/A       100%        3
 Vampiric Draining        Necr           0%         2d6       100%        3
 Fulminant Prism          Conj/Hex       0%         3d6       100%        4
 Ice Form                 Ice/Tmut       0%         N/A       100%        4
 Manifold Assault         Tloc           0%         N/A       100%        5
 Storm Form               Tmut/Air       0%         N/A       100%        7
 Animate Skeleton         Necr           Unusable   N/A       N/A         1
 Tukima's Dance           Hex            Unusable   N/A       N/A         3
 Summon Ice Beast         Ice/Summ       Unusable   N/A       N/A         4

Dungeon Overview and Level Annotations

Branches:
Dungeon (8/15)             Temple (1/1) D:4
   Lair: D:8-11

Altars:
Cheibriados
Dithmenos
Fedhas
Kikubaaqudgha
Makhleb
Nemelex Xobeh
Okawaru
Ru
Sif Muna
Trog
Uskayaw
Vehumet
Wu Jian
Yredelemnul
Zin
The Shining One

Shops:
D:2 !   D:5 [

Annotations:
D:7 exclusion: statue
D:8 Erica


Innate Abilities, Weirdness & Mutations

You are immune to sickness and miasma.
Your stone body is resilient. (AC +6)
You are immune to poison.
You resist negative energy. (rN+)
You are resistant to electric shocks. (rElec)
You are resistant to unholy torment.
You are immune to petrification.


Message History

You hear some strange, mumbled words.
A bolt of poison appears from out of thin air!
The bolt of poison hits you but does no damage.
You resist.
You hit something. You burn something. Something hits you! Something burns you.
You barely miss something. Something hits you. Something burns you.
Your plate armour of Understanding prevents you from hitting something.
Something hits you. Something burns you.
You slash something! You burn something. Something hits you but does no damage.
You slash something! You burn something. You block something's attack.
You hit something. You burn something. Something hits you but does no damage.
You hit something. You burn something.
You hear some strange, mumbled words.
You are confused.
You see here a +0 flail.
You bump into the rock wall.
Something hits you but does no damage.
You miss something.
You hear some strange, mumbled words.
A bolt of poison appears from out of thin air!
The bolt of poison hits you but does no damage.
You resist.
You bump into the rock wall.
Something hits you but does no damage.
You bump into the rock wall.
Something hits you but does no damage.
You bump into the rock wall.
You feel less confused. Something hits you. Something burns you.
You closely miss something. Something hits you but does no damage.
You hear some strange, mumbled words.
A lance of force appears from out of thin air!
The lance of force hits you!
You are knocked back by the lance of force.
You slash something! You burn something. You block something's attack.
You closely miss something.
You hear some strange, mumbled words.
A lance of force appears from out of thin air!
The lance of force hits you!!
* * * LOW HITPOINT WARNING * * *
You are knocked back by the lance of force.
Something hits you!
You die...

#################........
#..........#....#........
#.########.#.#.....######
#.# ..#.#.#..#### #.#
#.#.#....# #.# #.#.####.#
#.# #)#.# #.# #.# #{#.#
#.# #.# ####@#.# #.# #.#
#....#.####.# #.#
#.##.#....#.# #.#
#.#######.#.# #.#
#.#....##.#.# #.#
#.#.##....#.# #.#
#.#.#######.# #.#
#.#.........# ########.#
#.###########


There were no monsters in sight!

Vanquished Creatures
  Maggie (D:6)
  Sigmund (D:3)
  Menkaure (D:6)
  Edmund (D:5)
  2 ice beasts
  3 orc warriors
  2 necrophages
  3 ogres
  2 centaurs
  A kobold brigand (D:7)
  4 bullfrogs
  3 scorpions
  A howler monkey (D:6)
  2 centaur zombies (D:6)
  3 hounds
  2 bullfrog skeletons (D:6)
  3 centaur skeletons
  2 orc priests
  Jessica (D:2)
  3 iguanas
  Natasha (twice) (D:2)
  4 orc wizards
  2 killer bee zombies
  A howler monkey zombie (D:5)
  4 gnolls
  A howler monkey skeleton (D:5)
  4 adders
  A shadow imp (D:7)
  2 white imps
  2 ufetubi (D:6)
  2 worms
  3 dart slugs
  21 orcs
  3 bats
  6 endoplasms
  4 giant cockroaches
  6 goblins
  6 hobgoblins
  5 jackals
  9 ball pythons
  2 frilled lizards
  12 kobolds
  3 rats
146 creatures vanquished.

Vanquished Creatures (others)
  A wight (D:8)
  An orc wizard (D:3)
  18 plants (D:5)
20 creatures vanquished.

Grand Total: 166 creatures vanquished

Notes
Turn   | Place    | Note
-------+----------+-------------------------------------------
     0 | D:1      | bande the Gargoyle Fighter began the quest for the Orb.
     0 | D:1      | Reached XP level 1. HP: 14/14 MP: 1/1
   323 | D:1      | Reached XP level 2. HP: 15/19 MP: 2/2
   754 | D:1      | Reached skill level 2 in Axes
   809 | D:1      | Found a faded altar of an unknown god.
  1008 | D:1      | Reached XP level 3. HP: 23/23 MP: 3/3
  1144 | D:2      | Noticed Natasha
  1153 | D:2      | Killed Natasha
  1154 | D:2      | Reached XP level 4. HP: 24/29 MP: 4/4
  1462 | D:2      | Noticed Jessica
  1467 | D:2      | Killed Jessica
  1576 | D:3      | Reached skill level 3 in Axes
  1715 | D:2      | Reached XP level 5. HP: 24/33 MP: 5/5
  2242 | D:2      | Found Ucziack's Distillery.
  2629 | D:2      | Noticed Natasha
  2637 | D:2      | Killed Natasha
  2875 | D:3      | Reached XP level 6. HP: 18/38 MP: 6/6
  3891 | D:3      | Noticed Sigmund
  3920 | D:3      | Killed Sigmund
  3921 | D:3      | Reached skill level 4 in Axes
  3921 | D:3      | Reached XP level 7. HP: 19/44 MP: 7/7
  4251 | D:3      | Reached skill level 5 in Armour
  5228 | D:4      | Found a staircase to the Ecumenical Temple.
  5250 | Temple   | Entered the Ecumenical Temple
  5272 | Temple   | Became a worshipper of Warmaster Okawaru
  5358 | D:5      | Entered Level 5 of the Dungeon
  5401 | D:5      | Noticed Edmund
  5412 | D:5      | Reached skill level 5 in Axes
  5431 | D:5      | Killed Edmund
  5445 | D:5      | Reached skill level 5 in Fighting
  5445 | D:5      | Reached skill level 1 in Invocations
  5445 | D:5      | Reached skill level 1 in Evocations
  5760 | D:5      | Reached XP level 8. HP: 16/49 MP: 7/9
  6090 | D:5      | Found an ancient bone altar of Kikubaaqudgha.
  6112 | D:5      | Found Foemeo's Armour Shop.
  6266 | D:5      | Reached * piety under Okawaru
  6375 | D:5      | Found an ornate altar of the Wu Jian Council.
  6375 | D:5      | Found a shadowy altar of Dithmenos.
  6515 | D:5      | Reached skill level 6 in Axes
  6515 | D:5      | Reached skill level 5 in Shields
  7051 | D:6      | Noticed Maggie
  7069 | D:6      | Killed Maggie
  7071 | D:6      | Identified the +0 plate armour of Understanding {rCorr
                  | Dex+4}
  7253 | D:6      | Reached XP level 9. HP: 54/54 MP: 11/11
  7881 | D:6      | Reached ** piety under Okawaru
  8113 | D:6      | Noticed Menkaure
  8122 | D:6      | Killed Menkaure
  8123 | D:6      | Reached skill level 7 in Axes
  8371 | D:7      | Found a burning altar of Makhleb.
  8880 | D:7      | Found a sacrificial altar of Ru.
  8930 | D:7      | Found a radiant altar of Vehumet.
  9150 | D:7      | Reached *** piety under Okawaru
  9151 | D:7      | Reached skill level 8 in Axes
  9375 | D:8      | Noticed Erica
  9397 | D:8      | Slain by Erica

Illustrated notes

Levels and vault maps discovered:
D:1:      ebering_trefoil_twist, layout_loops_corners,
          shapermc_ecumenical_altar_acropolis
D:2:      layout_basic, serial_shops, shop, uniq_jessica, uniq_natasha
D:3:      layout_basic, uniq_sigmund
D:4:      layout_gridville, lemuel_temple_firewalk_b
D:5:      layout_basic, kiku_gazebo_pond_becter, grunt_temple_overflow_open,
          serial_shops, shop, serial_bayou, serial_bayou_pond_e,
          serial_bayou_lake_a, serial_bayou_shore_a, serial_bayou_pond_e,
          kennysheep_generic_room_14, uniq_edmund
D:6:      layout_basic, uniq_maggie, uniq_menkaure
D:7:      layout_rooms, mainiacjoe_overflow_paths, vehumet_statue,
          mainiacjoe_overflow_catwalk, amethyst_killhole
D:8:      layout_basic, kennysheep_little_box, nicolae_blasting_shop,
          grunt_ministairs_14, uniq_psyche, uniq_harold, uniq_gastronok,
          uniq_erica
Temple:   eino_wide_crystal_templ

Skill      XL: |  1  2  3  4  5  6  7  8  9 |
---------------+----------------------------+-----
Axes           | 2 3 4 5 6 8 |  8.1
Armour         | 4 5 6 |  6.5
Fighting       | 4 5 6 |  6.2
Shields        | 4 5 |  5.6
Invocations    | 1 3 4 |  4.7
Evocations     | 1 2 4 |  4.0
Stealth        | |  0.3

Action                   |  1- 3 |  4- 6 |  7- 9 || total
-------------------------+-------+-------+-------++-------
Melee: War axe           |    69 |   201 |   341 ||   611
  Use: Scroll            |     3 |       |    11 ||    14
Armor: Scale mail        |    20 |       |       ||    20
       Plate armour      |    25 |   146 |   208 ||   379
Dodge: Dodged            |    24 |    57 |   177 ||   258
Block: Buckler           |    16 |    41 |    84 ||   141

Table legend: (Time is in decaauts)
 A = Elapsed time spent in this place.
 B = Non-inter-level travel time spent in this place.
 C = Inter-level travel time spent in this place.
 D = Time resting spent in this place.
 E = Time spent auto-exploring this place.
 F = Levels seen in this place.
 G = Mean time per level.
                   A        B        C        D        E       F      G
               +--------+--------+--------+--------+--------+-----+--------+
         Total |   9596 |   9502 |     94 |   3027 |   4829 |   9 | 1066.2 |
       Dungeon |   9559 |   9479 |     80 |   3027 |   4820 |   8 | 1194.9 |
        Temple |     37 |     23 |     14 |      0 |      9 |   1 |   37.0 |
               +--------+--------+--------+--------+--------+-----+--------+

Top non-repeatable levels by time:
     D:3: 2407 daAuts
     D:5: 1675 daAuts
     D:2: 1537 daAuts
     D:6: 1371 daAuts
     D:1: 1135 daAuts
     D:7: 893 daAuts
     D:4: 346 daAuts
     D:8: 192 daAuts
  Temple: 37 daAuts
